 Dungeon Crawl Stone Soup version 0.31-a0-699-g830162fb6c (webtiles) character file.

Game seed: 1000063574812023441

139 qw the Shooter (level 5, -2/32 HPs)
             Began as a Gargoyle Hunter on Sept 7, 2023.
             Slain by an iguana (9 damage)
             ... on level 4 of the Dungeon.
             The game lasted 00:00:52 (1743 turns).

qw the Shooter (Gargoyle Hunter)                    Turns: 1743, Time: 00:00:52

Health: -2/32      AC: 11    Str: 14    XL:     5   Next: 22%
Magic:  5/5        EV: 11    Int: 13    God:
Gold:   194        SH:  0    Dex: 20    Spells: 4/4 levels left

rFire   . . .        Y - +0 shortbow
rCold   . . .        (shield currently unavailable)
rNeg    + . .        i - +0 ring mail
rPois   inf          f - +2 hat
rElec   +            (no cloak)
rCorr   .            (no gloves)
SInv    .            (no boots)
Will    .....        d - amulet of regeneration
Stlth   +            h - +6 ring of dexterity
HPRegen 1.05/turn    (no ring)
MPRegen 0.09/turn

%: no passive effects
@: no status effects
A: sickness immunity, AC +4, negative energy resistance 1, electricity
resistance, torment resistance 1, petrification resistance, clever 1, MP-powered
wands
a: no special abilities


You were on level 4 of the Dungeon.
You visited 1 branch of the dungeon, and saw 4 of its levels.

You collected 194 gold pieces.


Innate Abilities, Weirdness & Mutations

You are immune to sickness and miasma.
Your stone body is resilient. (AC +4)
You are immune to poison.
You resist negative energy. (rN+)
You are resistant to electric shocks. (rElec)
You are resistant to unholy torment.
You are immune to petrification.
Your mind is acute. (Int +4, Str/Dex -1)
You expend magic power (3 MP) to strengthen your wands.


   Skills:
 - Level 3.6 Fighting
 + Level 5.6 Ranged Weapons
 - Level 1.0 Armour
 - Level 1.5 Dodging
 - Level 1.1 Stealth


You had 4 spell levels left.
You didn't know any spells.
Your spell library was empty.

Inventory:

Hand Weapons
 Y - a +0 shortbow (weapon)
Armour
 f - a +2 hat (worn)
 i - a +0 ring mail (worn)
Jewellery
 d - an amulet of regeneration (around neck)
 h - a +6 ring of dexterity (left hand)
Scrolls
 a - 2 scrolls of identify
Potions
 b - a potion of mutation
 c - a potion of lignification {unknown}
 e - a potion of enlightenment
 g - a potion of might
 l - a potion of haste

Dungeon Overview and Level Annotations

Branches:
Dungeon (4/15)
 Temple: D:4-7

Altars:
Fedhas


Message History

You shoot an arrow. The arrow closely misses the phantom.
The arrow hits the plant.
The plant begins to die.
The plant is lightly damaged.
The phantom barely misses you.
The iguana bites you but does no damage.
The phantom barely misses you.
You shoot an arrow.
The arrow hits the phantom but does no damage.
The phantom is lightly damaged.
The iguana bites you! The phantom hits you.
You shoot an arrow. The arrow barely misses the phantom.
The arrow hits the plant!
The plant is lightly damaged.
The iguana bites you but does no damage.
The phantom hits you but does no damage.
You shoot an arrow. The arrow closely misses the phantom.
The arrow hits the plant.
The plant is lightly damaged.
The iguana closely misses you.
The phantom hits you but does no damage.
The iguana barely misses you.
You shoot an arrow. The arrow closely misses the phantom.
The arrow hits the plant.
The plant is lightly damaged.
A nearby plant withers and dies.
The phantom hits you but does no damage.
The iguana bites you but does no damage.
You shoot an arrow. The arrow misses the phantom.
The phantom closely misses you. The iguana misses you. The phantom hits you.
The phantom blinks!
You shoot an arrow. The arrow hits the phantom!
The phantom is heavily damaged.
The iguana misses you.
The phantom hits you but does no damage.
You shoot an arrow. The arrow hits the phantom.
The phantom is severely damaged.
The iguana bites you. The phantom misses you.
You shoot an arrow. The arrow closely misses the phantom.
The iguana closely misses you. The phantom misses you. The iguana bites you!
You die...

..7P.#...7+7#7.7##
#. 7.P.......#...#
#.P77P....####.###
#..77PP...####...#
#PPP7......).##.#
#P.777......##.#
#.P77..P....##.#
#...PW....##.#
##..@#######%###
###l# #......##
#.# #.####..#
#######.# #.#
##.## #....<..#
#.7 #..# #.......#
#777777#.#
.........#
77..PP7.#
##..####.#
7PP.P....# #.J #..
7P....7##


You could see a phantom and an iguana.

Vanquished Creatures
  A sleepcap (D:3)
  An iguana (D:4)
  An adder (D:2)
  A white imp (D:4)
  3 worms
  2 dart slugs
  4 bats
  A giant cockroach (D:3)
  7 goblins
  6 hobgoblins
  7 jackals (D:2)
  8 kobolds
  3 quokkas (D:3)
  5 ball pythons
  4 frilled lizards
  3 rats
57 creatures vanquished.

Notes
Turn   | Place    | Note
-------+----------+-------------------------------------------
     0 | D:1      | qw the Gargoyle Hunter began the quest for the Orb.
     0 | D:1      | Reached XP level 1. HP: 12/12 MP: 1/1
     0 | D:1      | 0 ||| qw: Version: 0.3-a-76-g4403597
     0 | D:1      | 0 ||| qw: Game counter: 397
     0 | D:1      | 0 ||| qw: Melee chars always use a shield: true
     0 | D:1      | 0 ||| qw: God list: Okawaru
     0 | D:1      | 0 ||| qw: Allow faded altars: false
     0 | D:1      | 0 ||| qw: Do Orc after clearing Dungeon:15 true
     0 | D:1      | 0 ||| qw: Do second Lair branch before Depths: true
     0 | D:1      | 0 ||| qw: Lair rune preference: random
     0 | D:1      | 0 ||| qw: Goals: Normal
     0 | D:1      | 0 ||| PLANNING D:1-11
   330 | D:1      | Reached XP level 2. HP: 17/17 MP: 2/2
   464 | D:1      | 464 ||| UPGRADING to +2 hat.
   469 | D:1      | 469 ||| UPGRADING to +0 ring mail.
   479 | D:1      | 479 ||| DROPPING +0 leather armour.
   480 | D:1      | 480 ||| UPGRADING to amulet of regeneration.
   485 | D:1      | 485 ||| DROPPING ring of flight.
   486 | D:1      | 486 ||| READING 2 scrolls labelled NIDOXZ UREQUIWK.
   487 | D:1      | 487 ||| READING scroll labelled FOROZO XOUW.
   488 | D:1      | 488 ||| READING scroll labelled ADIVIXUPPE.
   489 | D:1      | 489 ||| READING scroll labelled XANAYFFUPINI.
   490 | D:1      | 490 ||| DROPPING scroll of amnesia.
   491 | D:1      | 491 ||| DROPPING scroll of butterflies.
   538 | D:2      | Found a faded altar of an unknown god.
   562 | D:2      | Reached skill level 1 in Armour
   606 | D:2      | 606 ||| Stepping ~*~*~tactically~*~*~ (retreating).
   613 | D:2      | Reached XP level 3. HP: 19/21 MP: 3/3
   765 | D:2      | Found a blossoming altar of Fedhas.
   787 | D:2      | Reached skill level 5 in Ranged Weapons
  1104 | D:2      | 1104 ||| UPGRADING to +6 ring of dexterity.
  1105 | D:2      | 1105 ||| READING scroll labelled FUFFIB YSCHOL.
  1106 | D:2      | 1106 ||| READING scroll labelled GOL REVIOMIM.
  1107 | D:2      | 1107 ||| DRINKING 2 coppery potions.
  1107 | D:2      | Gained mutation: Your mind is acute. (Int +4, Str/Dex -1)
                  | [potion of mutation]
  1107 | D:2      | Gained mutation: You expend magic power (3 MP) to
                  | strengthen your wands. [potion of mutation]
  1108 | D:2      | 1108 ||| DRINKING 2 black potions.
  1109 | D:2      | 1109 ||| READING 4 scrolls of identify.
  1109 | D:2      | 1109 ||| IDENTIFYING puce potion
  1110 | D:2      | 1110 ||| READING 3 scrolls of identify.
  1110 | D:2      | 1110 ||| IDENTIFYING fizzy white potion
  1111 | D:2      | 1111 ||| READING 2 scrolls of identify.
  1111 | D:2      | 1111 ||| IDENTIFYING inky potion
  1112 | D:2      | 1112 ||| DROPPING potion of berserk rage.
  1181 | D:3      | Reached XP level 4. HP: 27/27 MP: 4/4
  1196 | D:3      | Reached skill level 3 in Fighting
  1557 | D:3      | 1557 ||| READING scroll labelled CIETOR PIERERR.
  1558 | D:3      | 1558 ||| READING scroll labelled ZUWASAE SYETOLE.
  1633 | D:4      | Reached XP level 5. HP: 32/32 MP: 5/5
  1721 | D:4      | Noticed a phantom
  1722 | D:4      | 1722 ||| RETREATING.
  1724 | D:4      | 1724 ||| RETREATING.
  1726 | D:4      | 1726 ||| Stepping ~*~*~tactically~*~*~ (retreating).
  1728 | D:4      | 1728 ||| Stepping ~*~*~tactically~*~*~ (retreating).
  1729 | D:4      | 1729 ||| Stepping ~*~*~tactically~*~*~ (retreating).
  1730 | D:4      | 1730 ||| Stepping ~*~*~tactically~*~*~ (retreating).
  1736 | D:4      | HP: 6/32 [phantom (4)]
  1742 | D:4      | HP: 6/32 [iguana (4)]
  1743 | D:4      | Slain by an iguana

Levels and vault maps discovered:
D:1:      wheals_arrival_shading, layout_basic
D:2:      layout_basic, basic_altar, basic_ecumenical_altar, hex_tiny
D:3:      layout_rooms
D:4:      layout_basic, grunt_ashenzari_visionary
          [grunt_ashenzari_visionary_shoals, grunt_ashenzari_visionary_snake],
          temple_statues, serial_forest, infiniplex_forest_lined_ring,
          infiniplex_forest_clump_curved, infiniplex_forest_lined_room_,
          infiniplex_forest_lined_2, infiniplex_forest_end_2,
          infiniplex_forest_end_3

Skill      XL: |  1  2  3  4 |
---------------+-------------+-----
Armour         | 1 |  1.0
Ranged Weapons | 5 |  5.6
Fighting       | 3 |  3.6
Dodging        | |  1.5
Stealth        | |  1.1

Action                     |  1- 3 |  4- 6 || total
---------------------------+-------+-------++-------
   Fire: Shortbow          |   119 |    72 ||   191
    Use: Scroll            |     9 |     2 ||    11
         Potion            |     2 |       ||     2
 Armour: Leather armour    |     1 |       ||     1
         Ring mail         |    61 |    27 ||    88
  Dodge: Dodged            |    47 |    30 ||    77

Table legend:
 A = Non-vault XP
 B = Vault XP
 C = Vault XP percentage of total XP
 D = Non-vault monster count
 E = Vault monster count
 F = Vault count percentage of total count
                 A         B        C        D         E       F
            +---------+---------+-------+---------+---------+-------
      Total |     199 |       0 |   0.0 |      57 |       0 |   0.0
            +---------+---------+-------+---------+---------+-------
        D:1 |      16 |       0 |   0.0 |       9 |       0 |   0.0
        D:2 |      56 |       0 |   0.0 |      22 |       0 |   0.0
        D:3 |      77 |       0 |   0.0 |      22 |       0 |   0.0
        D:4 |      50 |       0 |   0.0 |       4 |       0 |   0.0
            +---------+---------+-------+---------+---------+-------
